Map: Neon Violet Square LE

Players

iPlayDefense - Winner!

  • Race: Terran Terran
  • Spawn Location: 11:00

VOD

Have the link to the VOD?

Description

Time

  • Played on: April 11, 2025, 4:20 p.m.
  • Length: 12:09
Show
View Real Time Build Order
Export as new Build Order

iPlayDefense Terran - Winner!

Build Orders:  

Get SALT Encoding   

  12  0:00  SCV  
  13  0:17  SCV  
  14  0:29  Supply Depot  
  14  0:36  Refinery  
  14  0:45  SCV  
  15  1:02  SCV  
  15  1:09  Barracks  
  16  1:20  SCV  
  17  1:47  Supply Depot  
  17  2:15  Orbital Command, Barracks Reactor  
  17  2:25  Engineering Bay  
  17  2:30  Supply Depot  
  17  3:07  Marine x2  
  19  3:31  Marine  
  19  3:32  Marine  
  19  3:36  SCV  
  22  3:49  Terran Infantry Weapons Level 1  
  22  3:53  SCV  
  22  3:56  Marine  
  22  3:57  Marine  
  25  4:10  SCV  
  26  4:20  Command Center  
  26  4:21  Marine  
  26  4:22  Marine  
  26  4:27  SCV  
  29  4:51  SCV  
  30  5:05  Marine  
  30  5:06  Marine  
  30  5:08  SCV  
  33  5:25  SCV  
  34  5:30  Marine  
  34  5:31  Marine  
  36  5:40  Barracks  
  36  5:41  SCV  
  37  5:55  Marine  
  37  5:56  Marine  
  39  6:00  SCV  
  39  6:09  SCV  
  41  6:10  Command Center  
  41  6:17  SCV  
  42  6:26  SCV  
  43  6:34  SCV  
  44  6:43  SCV  
  44  6:46  Barracks Tech Lab  
  44  6:49  Barracks  
  45  6:50  Terran Infantry Armor Level 1  
  45  6:51  SCV  
  46  7:00  SCV  
  47  7:15  SCV  
  47  7:17  SCV  
  49  7:24  Unknown  
  49  7:28  Marine  
  49  7:29  Marine  
  51  7:32  SCV  
  51  7:34  SCV  
  53  7:53  Marine  
  53  7:54  Orbital Command, Marine  
  53  7:57  Stimpack  
  53  7:59  Barracks Tech Lab  
  55  8:07  Factory  
  55  8:13  Supply Depot  
  55  8:17  SCV x2  
  55  8:18  Marine  
  55  8:19  Marine  
  59  8:34  SCV x2  
  60  8:43  Supply Depot, Marine  
  60  8:44  Marine  
  62  8:51  SCV x2  
  64  9:08  SCV x2  
  66  9:11  Factory Tech Lab  
  66  9:14  Supply Depot  
  66  9:17  Starport  
  66  9:22  SCV  
  66  9:24  SCV  
  66  9:25  SCV  
  69  9:39  SCV  
  70  9:41  SCV  
  70  9:42  SCV  
  72  9:56  SCV  
  72  9:57  Supply Depot  
  72  9:58  SCV  
  72  9:59  SCV  
  75  10:10  Armory  
  75  10:13  SCV  
  75  10:15  SCV  
  75  10:16  SCV  
  77  10:30  SCV  
  77  10:37  Starport Reactor  
  77  10:47  Supply Depot  
  76  10:52  Orbital Command  
  74  11:02  Refinery  
  74  11:03  Refinery  
  74  11:15  Marine  
  74  11:16  Marine x3  
  74  11:17  Refinery  
  74  11:19  Supply Depot  
  78  11:28  Refinery  
  79  11:40  Marine  
  79  11:41  Marine x3  
  79  11:47  SCV x2  
  85  11:50  Supply Depot  
Tags
 
Add a new tag
Caveats
  • Supply blocks, unpowered buildings, or Contaminate may cause inaccurate times.
  • Supply counts are checked every 10 seconds.